 Dungeon Crawl Stone Soup version 0.29-a0-90-gc37658a0fe (webtiles) character file.

Game seed: 12853177988772236024

45 dracfodder the Skirmisher (level 3, -4/36 HPs)
             Began as a Gargoyle Berserker on Feb 7, 2022.
             Was a Believer of Trog.
             Slain by Natasha (7 damage)
             ... on level 2 of the Dungeon.
             The game lasted 00:03:31 (1347 turns).

dracfodder the Skirmisher (Gargoyle Berserker)      Turns: 1347, Time: 00:03:31

Health: -4/36      AC:  9    Str: 22    XL:     3   Next: 64%
Magic:  3/3        EV: 11    Int:  7    God:    Trog [**....]
Gold:   40         SH:  0    Dex:  9    Spells: 2/2 levels left

rFire   . . .      SeeInvis .   a - +0 hand axe
rCold   . . .      Faith    .   (no shield)
rNeg    + . .      Spirit   .   h - +0 ring mail
rPois   ∞          Reflect  .   g - +0 helmet
rElec   +          Harm     .   (no cloak)
rCorr   .          Rampage  .   (no gloves)
Will    .....                   (no boots)
Stlth   ..........              (no amulet)
HPRegen 0.12/turn               (no ring)
MPRegen 0.08/turn               (no ring)

@: berserking, very quick
A: sickness immunity, AC +3, negative energy resistance 1, electricity
resistance, torment resistance 1, petrification resistance
a: Renounce Religion, Berserk, Trog's Hand


You were on level 2 of the Dungeon.
You worshipped Trog.
Trog was pleased with you.
You visited 1 branch of the dungeon, and saw 2 of its levels.

You collected 40 gold pieces.

Inventory:

Hand Weapons
 a - a +0 hand axe (weapon)
 b - a +4 hunting sling
Missiles
 f - 22 sling bullets
Armour
 g - a +0 helmet (worn)
 h - a +0 ring mail (worn)
Scrolls
 i - a scroll of teleportation {unknown}
Potions
 c - a potion of lignification {unknown}
 e - a potion of curing {unknown}


   Skills:
 * Level 4.1 Fighting
 + Level 3.3 Axes
 + Level 2.3 Armour
 + Level 1.8 Dodging


You had 2 spell levels left.
You didn't know any spells.
Your spell library was empty.

Dungeon Overview and Level Annotations

Branches:
Dungeon (2/15)

Altars:

Annotations:
D:2 Natasha


Innate Abilities, Weirdness & Mutations

You are immune to sickness and miasma.
Your stone body is resilient. (AC +3)
You are immune to poison.
You resist negative energy. (rN+)
You are resistant to electric shocks. (rElec)
You are resistant to unholy torment.
You are immune to petrification.


Message History

a - a +0 hand axe (weapon)
Natasha closely misses you.
Things that are here:
5 sling bullets; a stone; a jackal corpse You hit Natasha.
Natasha is moderately wounded.
Natasha mewls in sadness.
Natasha barely misses you.
You barely miss Natasha.
Natasha is moderately wounded.
Natasha barely misses you.
You barely miss Natasha. Your punch misses Natasha.
Natasha is moderately wounded.
Natasha casts a spell at you. The magic dart hits you!
The crimson imp blinks!
You slash Natasha!
Natasha is almost dead.
Natasha claws you!
* * * LOW HITPOINT WARNING * * *
The crimson imp blinks!
Natasha claws you.
* * * LOW HITPOINT WARNING * * *
You are too injured to fight recklessly!
Unknown command.
A red film seems to cover your vision as you go berserk!
You feel yourself moving faster!
You feel mighty!
Natasha howls an incantation.
Natasha shimmers violently.
Natasha claws you but does no damage.
You closely miss Natasha.
Natasha is almost dead.
You barely miss Natasha.
Natasha is almost dead.
Natasha claws you but does no damage.
The crimson imp blinks!
You closely miss Natasha.
Natasha is almost dead.
Natasha barely misses you.
You closely miss Natasha.
Natasha is almost dead.
Natasha claws you!
You die...

#. #..# .. #†## .
#.# [.######.# .
#........# .(.
######...####
...........#
##...).#
......?..#((.####
#...###..
............5h@.###
###.### ###
.........###§##...#
.... # .....b...# #
###.##.## #
.........# #.#..# #
...$.....# #...# #
.......<.# ##..# #
.....h..## ##..#
.........
#.#..#####
.........#
#.#......#


You could see Natasha and a crimson imp (summoned).

Vanquished Creatures
  A worm (D:2)
  A dart slug (D:1)
  5 endoplasms
  A giant cockroach (D:1)
  4 goblins (D:1)
  3 hobgoblins
  4 jackals (D:2)
  A quokka (D:1)
  3 ball pythons
  5 bats
  5 kobolds
  3 rats
36 creatures vanquished.

Notes
Turn   | Place    | Note
-------+----------+-------------------------------------------
     0 | D:1      | dracfodder the Gargoyle Berserker began the quest for the
                  | Orb.
     0 | D:1      | Reached XP level 1. HP: 14/14 MP: 1/1
   286 | D:1      | Reached XP level 2. HP: 17/20 MP: 2/2
   575 | D:1      | Reached XP level 3. HP: 22/24 MP: 3/3
   719 | D:1      | Reached skill level 4 in Fighting
  1003 | D:1      | Found a faded altar of an unknown god.
  1327 | D:2      | Reached ** piety under Trog
  1327 | D:2      | Noticed Natasha
  1342 | D:2      | HP: 1/24 [Natasha (4)]
  1347 | D:2      | Slain by Natasha

Illustrated notes

Levels and vault maps discovered:
D:1:      roderic_chinese_lattice_arrival, layout_basic, basic_ecumenical_altar,
          serial_park_tiny_pond
D:2:      layout_rooms, uniq_natasha

Skill      XL: |  1  2  3 |
---------------+----------+-----
Axes           | 3 |  3.3
Fighting       | 4 |  4.1
Armour         | |  2.3
Dodging        | |  1.8

Action                   || total
-------------------------++-------
Melee: Hand axe          ||    93
       Punch             ||     1
 Fire: Hunting sling     ||    23
Invok: Berserk           ||     1
Armor: Animal skin       ||    18
       Ring mail         ||    26
Dodge: Dodged            ||    64

Table legend: (Time is in decaauts)
 A = Elapsed time spent in this place.
 B = Non-inter-level travel time spent in this place.
 C = Inter-level travel time spent in this place.
 D = Time resting spent in this place.
 E = Time spent auto-exploring this place.
 F = Levels seen in this place.
 G = Mean time per level.
                   A        B        C        D        E       F      G
               +--------+--------+--------+--------+--------+-----+--------+
         Total |   1364 |   1313 |     51 |    152 |    879 |   2 |  682.0 |
       Dungeon |   1364 |   1313 |     51 |    152 |    879 |   2 |  682.0 |
               +--------+--------+--------+--------+--------+-----+--------+

Top non-repeatable levels by time:
     D:1: 1085 daAuts
     D:2: 278 daAuts
